 Dungeon Crawl Stone Soup version 0.30.1-3-gfc49f6343a (webtiles) character file.

Game seed: 3914622284292446595

1732 javelincjr the Trooper (level 8, -2/57 (65) HPs)
             Began as a Demonspawn Fighter on July 20, 2023.
             Was a Believer of Okawaru.
             Slain by a wight
             ... wielding a +5 falchion
              (4 damage)
             ... on level 7 of the Dungeon.
             The game lasted 00:25:08 (5462 turns).

javelincjr the Trooper (Demonspawn Fighter)         Turns: 5462, Time: 00:25:09

HP:   -2/57 (65)    AC: 19    Str: 19    XL:     8   Next: 76%
MP:   10/10         EV: 26    Int: 10    God:    Okawaru [**....]
Gold: 252           SH:  0    Dex: 12    Spells: 7/7 levels left

rFire   . . .        t - +0 mace (protect)
rCold   . . .        (no shield)
rNeg    . . .        n - +4 plate armour
rPois   +            i - +0 helmet
rElec   .            O - +1 cloak
rCorr   .            (no gloves)
SInv    +            (no boots)
Will    .....        m - amulet of the acrobat Stlth
                     h - ring of poison resistance
HPRegen 0.29/turn    j - ring of see invisible
MPRegen 0.12/turn

%: acrobat
@: agile, acrobatic, heavily drained
A: powered by pain 1, spiny 1, demonic touch 1
a: Renounce Religion, Heroism


You were on level 7 of the Dungeon.
You worshipped Okawaru.
Okawaru was pleased with you.
You visited 2 branches of the dungeon, and saw 8 of its levels.

You collected 252 gold pieces.

Inventory:

Hand Weapons
 a - a +0 trident
 t - a +0 mace of protection (weapon)
 y - a +4 flail
 J - a +4 dagger
Missiles
 u - 9 poisoned darts (quivered)
 A - 3 curare-tipped darts
 F - a throwing net
 I - 2 boomerangs
Armour
 c - a +0 buckler
 i - a +0 helmet (worn)
 n - a +4 plate armour (worn)
 q - a +0 chain mail
 O - a +1 cloak (worn)
Jewellery
 h - a ring of poison resistance (left hand)
 j - a ring of see invisible (right hand)
 m - an amulet of the acrobat (around neck)
Wands
 B - a wand of iceblast (7)
 E - a wand of flame (37)
 M - a wand of mindburst (18)
Scrolls
 e - 3 scrolls of fog
 f - 2 scrolls of enchant weapon {unknown}
 g - a scroll of noise {unknown}
 k - a scroll of summoning {unknown}
 o - 2 scrolls of immolation
 p - 2 scrolls of amnesia {unknown}
 v - a scroll of magic mapping {unknown}
 x - a scroll of silence {unknown}
 D - 3 scrolls of teleportation
 G - 2 scrolls of poison {unknown}
 L - a scroll of torment {unknown}
 N - a scroll of enchant armour
Potions
 b - a potion of curing {unknown}
 d - 2 potions of might
 l - a potion of flight {unknown}
 r - 2 potions of lignification
 s - a potion of degeneration {unknown}
 w - 2 potions of haste
 z - a potion of berserk rage {unknown}
 C - a potion of ambrosia {unknown}
 H - a potion of heal wounds


   Skills:
 * Level 6.9 Fighting
 + Level 1.8 Maces & Flails
 + Level 4.3 Polearms
 + Level 2.6 Throwing
 + Level 4.8 Armour
 + Level 1.2 Dodging
 + Level 4.7 Shields
 + Level 3.9 Invocations


You had 7 spell levels left.
You didn't know any spells.
Your spell library contained the following spells:

 Spells                   Type           Power      Damage    Failure   Level
 Cause Fear               Hex            0%         N/A       100%        4
 Dragon Form              Tmut           0%         N/A       100%        7
 Dragon's Call            Summ           Unusable   N/A       N/A         9

Dungeon Overview and Level Annotations

Branches:
Dungeon (7/15)             Temple (1/1) D:4

Altars:
Ashenzari
Cheibriados
Fedhas
Gozag
Hepliaklqana
Kikubaaqudgha
Makhleb
Nemelex Xobeh
Okawaru
Qazlal
Ru
Sif Muna
Trog
Uskayaw
Vehumet
Wu Jian
Xom
Yredelemnul

Shops:
D:3 [

Annotations:
D:4 3 runed translucent doors, Farjai's ghost, amateur DsGl


Innate Abilities, Weirdness & Mutations

You sometimes gain a little power by taking damage.
You are partially covered in sharp spines.
Your touch may inflict minor irresistible damage on your foes.


Message History

You hit the wight.
The wight is heavily damaged.
The wight hits you but does no damage.
The wight hits you from afar with a +3 halberd of freezing.
The wight freezes you. The wight closely misses you.
The wight hits you with a +0 hand axe.
You hit the wight but do no damage.
The wight is heavily damaged.
The wight completely misses you.
The wight hits you from afar with a +3 halberd of freezing.
You feel drained. The wight freezes you. The wight hits you but does no damage.
The wight hits you with a +0 hand axe.
You hit the wight.
The wight is severely damaged.
The wight hits you with a +5 falchion.
You feel drained. The wight barely misses you.
The wight hits you from afar with a +3 spear of freezing.
The wight freezes you. The wight is struck by your spines.
The wight hits you but does no damage.
You hit the wight.
You destroy the wight!
Okawaru accepts your kill. The wight is struck by your spines.
The wight hits you but does no damage. x2
The wight closely misses you.
You feel your intelligence returning.
Things that are here:
a +0 dagger; a +0 robe; an orc corpse The wight attacks as you move away!
The wight is struck by your spines. The wight hits you with a +5 falchion!
* * * LOW HITPOINT WARNING * * *
You focus on the pain.
You feel agile all of a sudden.
You feel drained.
* * * LOW HITPOINT WARNING * * *
You feel like a meek peon again. The wight attacks as you move away!
The wight misses you. The wight attacks as you move away!
The wight hits you with a +5 falchion!
* * * LOW HITPOINT WARNING * * *
You feel drained.
You die...

##### #...### ## #.....#
##.#####....## .
#......#.....#
..#............##
.........###....#
...........#....#
..##..<..@z....# ####
###
#.......z...####..###.#
##...........##.......#
#.......z..#####.#....
#..........#####.##.#.
..........#..##.....#..
........####.....(...#..
......### #....>......#
....# ###.....#..##


You could see 3 wights.

Vanquished Creatures
  2 water moccasins (D:5)
  An orc warrior (D:7)
  An ice beast (D:5)
  An ogre (D:5)
  2 phantoms
  A kobold brigand (D:6)
  3 scorpions
  A wight (D:7)
  A howler monkey (D:5)
  An orc priest (D:5)
  5 hounds
  3 jellies (D:6)
  3 iguanas
  A sleepcap (D:5)
  Jessica (D:2)
  4 orc wizards
  Ijyb (D:4)
  5 gnolls
  7 adders
  2 shadow imps (D:5)
  A white imp (D:6)
  An ufetubus (D:6)
  4 dart slugs
  20 orcs
  10 ball pythons
  7 endoplasms
  3 giant cockroaches
  4 hobgoblins
  4 jackals (D:2)
  13 kobolds
  6 quokkas
  4 bats
  A frilled lizard (D:1)
  7 goblins
  3 rats
134 creatures vanquished.

Notes
Turn   | Place    | Note
-------+----------+-------------------------------------------
     0 | D:1      | javelincjr the Demonspawn Fighter began the quest for the
                  | Orb.
     0 | D:1      | Reached XP level 1. HP: 18/18 MP: 1/1
   144 | D:1      | Gained mutation: You are partially covered in sharp spines.
                  | [demonic ancestry]
   144 | D:1      | Reached XP level 2. HP: 24/24 MP: 2/2
   311 | D:1      | Found a faded altar of an unknown god.
   315 | D:1      | Prayed at the altar of an unknown god.
   315 | D:1      | Became a worshipper of Sif Muna the Loreminder
   315 | D:1      | Reached * piety under Sif Muna
   721 | D:2      | Noticed Jessica
   727 | D:2      | Killed Jessica
   728 | D:2      | Reached XP level 3. HP: 30/30 MP: 3/3
   748 | D:2      | Fell from the grace of Sif Muna
   792 | D:2      | Reached XP level 4. HP: 37/37 MP: 4/4
   923 | D:2      | Reached skill level 4 in Fighting
  1557 | D:3      | Found Sissin's Armour Boutique.
  1966 | D:3      | Gained mutation: You sometimes gain a little power by
                  | taking damage. [demonic ancestry]
  1966 | D:3      | Reached XP level 5. HP: 34/42 MP: 5/5
  2428 | D:4      | Found a staircase to the Ecumenical Temple.
  2447 | D:4      | Noticed a phantom
  2466 | D:4      | Killed a phantom
  2467 | D:4      | Reached skill level 5 in Fighting
  2467 | D:4      | Reached XP level 6. HP: 33/51 MP: 1/6
  2478 | Temple   | Entered the Ecumenical Temple
  2785 | Temple   | Became a worshipper of Warmaster Okawaru
  2974 | D:4      | Found a runed translucent gate.
  3049 | D:4      | Found a runed translucent gate.
  3049 | D:4      | Found a runed translucent gate.
  3067 | D:4      | Noticed an orc warrior
  3067 | D:4      | Noticed Farjai's ghost (amateur DsGl)
  3068 | D:4      | Identified the +0 leather armour of Cosynkau {rF+ Str+3
                  | Int-5}
  3109 | D:4      | Reached skill level 1 in Invocations
  3417 | D:4      | Noticed Ijyb
  3426 | D:4      | Killed Ijyb
  3570 | D:5      | Entered Level 5 of the Dungeon
  3586 | D:5      | Reached XP level 7. HP: 48/56 MP: 6/8
  3590 | D:5      | Reached skill level 1 in Throwing
  3795 | D:5      | Reached * piety under Okawaru
  3905 | D:5      | Reached skill level 6 in Fighting
  4192 | D:5      | Gained mutation: Your touch may inflict minor irresistible
                  | damage on your foes. [demonic ancestry]
  4192 | D:5      | Reached XP level 8. HP: 43/64 MP: 10/10
  4194 | D:5      | Reached ** piety under Okawaru
  4210 | D:5      | Reached skill level 1 in Maces & Flails
  4523 | D:6      | Found a radiant altar of Vehumet.
  4830 | D:6      | Found a broken altar of Ashenzari.
  4831 | D:6      | Found a snail-covered altar of Cheibriados.
  5412 | D:7      | Reached skill level 1 in Dodging
  5462 | D:7      | HP: 2/59 [wight/+5 falchion (9)]
  5462 | D:7      | Slain by a wight

Illustrated notes

Levels and vault maps discovered:
D:1:      amcnicky_arrival_abandoned_market, layout_loops_cross,
          hellmonk_ecumenical_altar_heavens_door
D:2:      layout_rooms, serial_bayou_pond_e, uniq_jessica
D:3:      layout_basic, serial_shops, shop, cheibrodos_gnoll_hut
D:4:      layout_loops_ring, minmay_temple_entry_wispy,
          biasface_ghost_orc_armoury, uniq_ijyb
D:5:      minmay_bubble_buster, layout_rooms, minivault_1
D:6:      layout_basic, gammafunk_temple_overflow_statue,
          nicolae_vehumet_altar_sigil, kennysheep_another_room,
          nicolae_underground_beach
D:7:      layout_cave_pools, st_stairs_5, chequers_serial_rivers_large_a
Temple:   hc_temple_tempest_star

Skill      XL: |  1  2  3  4  5  6  7  8 |
---------------+-------------------------+-----
Polearms       | 2 3 4 |  4.3
Armour         | 3 4 |  4.8
Shields        | 3 4 |  4.7
Fighting       | 4 5 6 |  6.9
Invocations    | 1 3 |  3.9
Throwing       | 2 |  2.6
Maces & Flails | 1 |  1.8
Dodging        | 1 |  1.2

Action                     |  1- 3 |  4- 6 |  7- 9 || total
---------------------------+-------+-------+-------++-------
  Melee: Trident           |    66 |     8 |       ||    74
         Dagger            |       |    44 |       ||    44
         Mace              |       |   114 |   128 ||   242
         Touch             |       |       |    11 ||    11
         Punch             |       |       |     1 ||     1
  Throw: Dart              |       |     3 |     3 ||     6
 Invoke: Renounce Religion |     1 |       |       ||     1
         Heroism           |       |       |     1 ||     1
    Use: Scroll            |       |     4 |     7 ||    11
         Potion            |       |       |     2 ||     2
 Armour: Scale mail        |    18 |    14 |       ||    32
         Chain mail        |       |    76 |    12 ||    88
         Plate armour      |       |       |    95 ||    95
  Dodge: Dodged            |    15 |    62 |    54 ||   131
  Block: Buckler           |     7 |    52 |    16 ||    75
